 Dungeon Crawl Stone Soup version 0.30-a0-719-gcc4359ea44 (webtiles) character file.

Game seed: 11371974080003004781

30780 Newt the Prestidigitator (level 13, 0/98 HPs)
             Began as a Demonspawn Gladiator on Jan 26, 2023.
             Was a High Priest of Okawaru.
             Slain by an eight-headed hydra (5 damage)
             ... on level 2 of the Lair of Beasts.
             The game lasted 00:32:06 (17584 turns).

Newt the Prestidigitator (Demonspawn Gladiator)    Turns: 17584, Time: 00:32:06

Health: 0/98       AC: 15    Str: 19    XL:     13   Next: 22%
Magic:  20/23      EV: 11    Int: 13    God:    Okawaru [*****.]
Gold:   1550       SH:  8    Dex: 17    Spells: 26/26 levels left

rFire   . . .      SeeInvis +    s - +9 staff of Olgreb {rPois∞}
rCold   + + .      Faith    .    (no shield)
rNeg    . . .      Spirit   .    m - +3 scale mail {rC+}
rPois   ∞          Reflect  .    y - +0 helmet {SInv}
rElec   .          Harm     .    (cloak unavailable)
rCorr   .          Rampage  .    U - +2 pair of gloves {Stlth+}
Will    ++...                    (no boots)
Stlth   ++                       (no amulet)
HPRegen 0.36/turn                T - ring of Zaed {Ice rPois Will+ Int+2 Dex+3}
MPRegen 0.36/turn                K - ring of protection from fire

@: studying Ice Magic
A: large bone plates 3, magic regeneration, weakness stinger 3, strong-willed 1,
poison resistance, shaggy fur 1
a: Renounce Religion, Evoke the Staff of Olgreb, Heroism, Finesse, Duel


You were on level 2 of the Lair of Beasts.
You worshipped Okawaru.
Okawaru was extremely pleased with you.
You visited 3 branches of the dungeon, and saw 14 of its levels.
You visited the Abyss 1 time.
You also visited: Ossuary and Gauntlet.

You collected 1713 gold pieces.
You spent 163 gold pieces at shops.

Inventory:

Hand Weapons
 a - a +0 rapier
 b - a +6 lajatang of venom
 e - a +3 falchion of venom
 s - the +9 staff of Olgreb (weapon) {rPois∞}
   (You found it on level 6 of the Dungeon)

   It enhances your poison magic.
   It grants immunity to poison.
   It can be activated via the 'a'bility menu to radiate toxic energy, with
   effectiveness depending on Evocations skill.
Missiles
 j - 44 poisoned darts
 l - 108 stones
 o - 2 throwing nets
 p - 6 javelins
 F - 8 silver javelins
 N - 4 curare-tipped darts
Armour
 m - a +3 scale mail of cold resistance (worn)
 y - a +0 helmet of see invisible (worn)
 U - a +2 pair of gloves of stealth (worn)
 X - the +1 plate armour of the Sailor {rCorr Int+5}
   (Okawaru gifted it to you on level 1 of the Lair of Beasts)

   Int:       It affects your intelligence (+5).
   rCorr:     It protects you from acid and corrosion.
Jewellery
 G - a +6 ring of dexterity
 K - a ring of protection from fire (right hand)
 O - a +6 ring of strength
 T - the ring of Zaed (left hand) {Ice rPois Will+ Int+2 Dex+3}
   (You found it in a Gauntlet)

   [ring of ice]

   It enhances your ice magic.
   Int:       It affects your intelligence (+2).
   Dex:       It affects your dexterity (+3).
   rF:        It makes you vulnerable to fire.
   rC:        It protects you from cold.
   rPois:     It protects you from poison.
   Will:      It increases your willpower.
 W - a ring of ice
Wands
 r - a wand of roots (4)
 E - a wand of charming (11)
 P - a wand of flame (13)
 Q - a wand of polymorph (9)
 V - a wand of mindburst (10)
Scrolls
 f - 2 scrolls of fog
 i - 2 scrolls of fear
 x - 4 scrolls of teleportation
 D - 7 scrolls of identify
 I - 7 scrolls of amnesia
 J - a scroll of poison
 M - a scroll of enchant armour
 Z - a scroll of silence
Potions
 d - 3 potions of attraction
 g - 2 potions of flight
 h - 4 potions of magic
 n - 6 potions of curing
 t - a potion of resistance
 v - a potion of berserk rage
 z - 2 potions of might
 A - 8 potions of mutation
 B - 3 potions of brilliance
 H - a potion of cancellation
 S - a potion of lignification


   Skills:
 - Level 8.0 Fighting
 - Level 2.6(4.0) Short Blades
 - Level 4.5(5.0) Long Blades
 - Level 8.0 Staves
 - Level 8.0 Throwing
 - Level 4.0 Armour
 - Level 2.6 Dodging
 - Level 2.0 Stealth
 + Level 7.0 Spellcasting
 - Level 10.0 Ice Magic
 - Level 6.0 Poison Magic
 - Level 5.0 Invocations
 - Level 10.0 Evocations


You had 26 spell levels left.
You didn't know any spells.
Your spell library contained the following spells:

 Spells                   Type           Power      Damage    Failure   Level
 Ozocubu's Armour         Ice            45%        N/A       2%          3
 Cigotuvi's Dreadful Rot  Necr/Pois/Air  28%        N/A       28%         2
 Spider Form              Tmut/Pois      18%        N/A       36%         3
 Beastly Appendage        Tmut           8%         N/A       41%         1
 Magic Dart               Conj           16%        1d3       41%         1
 Ignite Poison            Fire/Tmut/Pois 14%        N/A       50%         3
 Mephitic Cloud           Conj/Pois/Air  14%        N/A       50%         3
 Searing Ray              Conj           8%         2d4       54%         2
 Static Discharge         Conj/Air       8%         2-3/arc   54%         2
 Sublimation of Blood     Necr           4%         N/A       54%         2
 Wereblood                Tmut           4%         N/A       54%         2
 Kindle Blastsparks       Fire/Tloc/Air  8%         2d10      78%         3
 Vhi's Electric Charge    Tloc/Air       8%         N/A       78%         3
 Metabolic Englaciation   Hex/Ice        13%        N/A       83%         5
 Freezing Cloud           Conj/Ice/Air   9%         6-21      97%         5
 Dispel Undead            Necr           4%         3d7       99%         4
 Fulminant Prism          Conj/Hex       2%         3d5       99%         4
 Ozocubu's Refrigeration  Ice            22%        4d12      99%         7
 Arcjolt                  Conj/Air       2%         1d12      100%        5
 Blade Hands              Tmut           2%         N/A       100%        5
 Lightning Bolt           Conj/Air       2%         1d13      100%        5
 Iron Shot                Conj/Erth      2%         9d2       100%        6
 Call Imp                 Summ           Unusable   N/A       N/A         2
 Animate Armour           Summ/Erth      Unusable   N/A       N/A         4
 Death Channel            Necr           Unusable   N/A       N/A         6
 Simulacrum               Ice/Necr       Unusable   N/A       N/A         6
 Summon Hydra             Summ           Unusable   N/A       N/A         7

Dungeon Overview and Level Annotations

Branches:
Dungeon (11/15)            Temple (1/1) D:6            Lair (2/5) D:11
Ossuary (visited)         Gauntlet (visited)
  Swamp: Lair:2-3    Shoals: Lair:2-3     Snake: Lair:2-3    Spider: Lair:2-3
    Orc: D:9-12

Altars:
Cheibriados
Dithmenos
Fedhas
Gozag
Hepliaklqana
Kikubaaqudgha
Makhleb
Nemelex Xobeh
Okawaru
Qazlal
Ru
Sif Muna
Trog
Uskayaw
Vehumet
Wu Jian
Xom
Yredelemnul

Shops:
D:4 (   D:5 *

Annotations:
D:5 1 runed translucent door, mandarbmax's ghost, novice BaHu
D:6 1 runed translucent door
D:9 4 transporters


Innate Abilities, Weirdness & Mutations

You are completely covered in large bone plates. (SH +8)
You regenerate magic rapidly.
You have a sharp stinger which inflicts weakening toxins.
You are strong-willed. (Will+)
Your system is resistant to poisons. (rPois)
You are covered in fur. (AC +1)


Message History

The eight-headed hydra bites you but does no damage.
You block the eight-headed hydra's attack.
The eight-headed hydra barely misses you.
You block the eight-headed hydra's attack.
The eight-headed hydra bites you but does no damage.
The eight-headed hydra bites you! x2
You sock the eight-headed hydra!
You envenom the eight-headed hydra.
The eight-headed hydra looks even sicker.
The eight-headed hydra is moderately wounded.
You sock the eight-headed hydra!
You envenom the eight-headed hydra.
The eight-headed hydra looks even sicker.
The eight-headed hydra is heavily wounded.
Your toxic aura wanes.
You block the eight-headed hydra's attack. x2
The eight-headed hydra bites you but does no damage.
The eight-headed hydra closely misses you.
The eight-headed hydra completely misses you.
The eight-headed hydra barely misses you. x2
The eight-headed hydra closely misses you.
You hit the eight-headed hydra.
You envenom the eight-headed hydra.
The eight-headed hydra looks as sick as possible!
Your tail-slap misses the eight-headed hydra.
The eight-headed hydra is heavily wounded.
The eight-headed hydra bites you!
* * * LOW HITPOINT WARNING * * *
The eight-headed hydra bites you!
* * * LOW HITPOINT WARNING * * *
The eight-headed hydra bites you but does no damage. x2
The eight-headed hydra bites you!
* * * LOW HITPOINT WARNING * * *
The eight-headed hydra bites you.
* * * LOW HITPOINT WARNING * * *
You block the eight-headed hydra's attack.
The eight-headed hydra bites you.
* * * LOW HITPOINT WARNING * * *
The eight-headed hydra attacks as you move away!
The eight-headed hydra closely misses you.
The eight-headed hydra bites you but does no damage.
The eight-headed hydra bites you.
You die...

.............#...................
..............#.8..#.............
...............####..............
...........##.....##..####......#
............#....##.##.# ####..##
..................###### ####
..................###
....................##
................@...P#
............##..D....#
....#.#....##.......## ....#.. .#
##......### ....... ##.......#
........ ##......# ....[###
#......# .....## #.#.....#
......P ..#..#....P#


You could see an eight-headed hydra (extremely poisoned).

Vanquished Creatures
  A minotaur (Gauntlet)
  Harold (Lair:2)
  2 hydras (Lair:2)
  A centaur warrior (D:8)
  A boulder beetle (D:11)
  A two-headed ogre (D:11)
  The ghost of hikkokomori the Fighter, a journeyman VSFi of Okawaru (Lair:1)
  Sonja (Lair:2)
  A wretched star (Gauntlet)
  An ugly thing (D:11)
  2 black mambas
  7 elephants
  Joseph (D:7)
  A torpor snail (Lair:2)
  7 cane toads
  A smoke demon (Gauntlet)
  A rime drake (Lair:1)
  9 komodo dragons
  4 kobold demonologists (D:9)
  A red devil (Gauntlet)
  A troll (D:11)
  6 blink frogs (Lair:2)
  3 hornets
  Prince Ribbit (D:7)
  Sigmund (D:3)
  4 shadows (Gauntlet)
  2 wraiths (D:10)
  21 yaks
  2 wyverns
  2 basilisks
  3 redbacks (D:6)
  4 vampire mosquitoes (D:11)
  A neqoxec (Gauntlet)
  The ghost of infinitevox the Slasher, an amateur DsRe of Wu Jian (D:4)
  A small abomination (Gauntlet)
  3 steam dragons
  Menkaure (D:7)
  2 acid dragons (D:10)
  6 water moccasins
  Edmund (D:4)
  3 sky beasts
  2 orc warriors
  2 ice beasts
  A black bear (D:11)
  4 centaurs
  2 phantoms
  5 kobold brigands
  6 bullfrogs
  11 scorpions
  A gnoll sergeant (D:11)
  2 necrophages
  9 wights
  15 killer bees
  4 howler monkeys
  6 electric eels (D:8)
  2 crimson imps (Gauntlet)
  4 hounds
  A jelly (D:6)
  4 orc priests
  A human zombie (Ossuary)
  Terence (D:2)
  4 iguanas
  Natasha (thrice) (D:2)
  4 orc wizards
  5 ogre zombies (Ossuary)
  7 mummies (Ossuary)
  Robin (D:4)
  8 adders
  14 gnolls
  2 shadow imps
  A white imp (Abyss:1)
  4 adder zombies (Ossuary)
  2 worms
  4 dart slugs
  26 orcs
  3 endoplasms
  7 giant cockroaches
  16 goblins
  9 hobgoblins
  34 kobolds
  4 quokkas
  10 ball pythons
  13 bats
  3 frilled lizards
  2 gnoll zombies (Ossuary)
  3 goblin zombies (Ossuary)
  2 hobgoblin zombies (Ossuary)
  10 kobold zombies (Ossuary)
  A quokka zombie (Ossuary)
  8 rats
  2 rat zombies (Ossuary)
409 creatures vanquished.

Vanquished Creatures (collateral kills)
  A frilled lizard (D:3)
1 creature vanquished.

Vanquished Creatures (others)
  5 fungi
  6 plants
11 creatures vanquished.

Grand Total: 421 creatures vanquished

Notes
Turn   | Place    | Note
-------+----------+-------------------------------------------
     0 | D:1      | Newt the Demonspawn Gladiator began the quest for the Orb.
     0 | D:1      | Reached XP level 1. HP: 16/16 MP: 1/1
    66 | D:1      | Reached skill level 1 in Stealth
   271 | D:1      | Gained mutation: You regenerate magic rapidly. [demonic
                  | ancestry]
   271 | D:1      | Reached XP level 2. HP: 19/22 MP: 2/2
   657 | D:1      | Gained mutation: You are partially covered in large bone
                  | plates. (SH +4) [demonic ancestry]
   657 | D:1      | Reached XP level 3. HP: 27/28 MP: 3/3
   807 | D:2      | Noticed Natasha
   816 | D:2      | Killed Natasha
  1201 | D:2      | Gained mutation: You are mostly covered in large bone
                  | plates. (SH +6) [demonic ancestry]
  1201 | D:2      | Reached XP level 4. HP: 32/37 MP: 4/4
  1456 | D:2      | Noticed Natasha
  1466 | D:2      | Noticed Terence
  1470 | D:2      | Killed Natasha
  1484 | D:2      | Killed Terence
  1485 | D:2      | Reached XP level 5. HP: 20/42 MP: 5/5
  1623 | D:2      | Noticed Natasha
  1631 | D:2      | Killed Natasha
  2097 | D:3      | Noticed Sigmund
  2105 | D:3      | Killed Sigmund
  2106 | D:3      | Gained mutation: You have a small tail. [demonic ancestry]
  2106 | D:3      | Reached XP level 6. HP: 47/48 MP: 6/6
  2305 | D:3      | Found an ornate altar of the Wu Jian Council.
  2487 | D:4      | Found Seino's Antique Weapon Boutique.
  2517 | D:4      | Noticed Edmund
  2530 | D:4      | Reached skill level 5 in Throwing
  2542 | D:4      | Killed Edmund
  2814 | D:4      | Found a runed translucent gate.
  2814 | D:4      | Found a runed translucent gate.
  2816 | D:4      | Found a runed translucent gate.
  2816 | D:4      | Noticed infinitevox's ghost (amateur DsRe)
  2895 | D:4      | Gained mutation: You have a tail ending in a sharp stinger.
                  | [demonic ancestry]
  2895 | D:4      | Reached XP level 7. HP: 54/54 MP: 7/7
  3185 | D:4      | Noticed Robin
  3190 | D:4      | Killed Robin
  3529 | D:5      | Entered Level 5 of the Dungeon
  3719 | D:5      | Reached skill level 1 in Long Blades
  3738 | D:5      | Found Taov Itiph's General Store.
  3743 | D:5      | Bought 6 poisoned darts for 46 gold pieces
  3743 | D:5      | Bought 2 potions of curing for 78 gold pieces
  3743 | D:5      | Bought a potion of lignification for 39 gold pieces
  3910 | D:5      | Noticed mandarbmax's ghost (novice BaHu)
  4123 | D:5      | Found a runed translucent door.
  4766 | D:4      | Killed infinitevox's ghost
  4767 | D:4      | Reached XP level 8. HP: 60/60 MP: 8/8
  4847 | D:6      | Found the +9 staff of Olgreb {rPois∞}
  5168 | D:6      | Found a sand-covered staircase.
  5175 | Ossuary  | Entered an ossuary
  5723 | D:6      | Gained mutation: Your system is resistant to poisons.
                  | (rPois) [potion of mutation]
  5723 | D:6      | Gained mutation: You are covered in fur. (AC +1) [potion of
                  | mutation]
  5723 | D:6      | Gained mutation: You are strong-willed. (Will+) [potion of
                  | mutation]
  5783 | D:6      | Found a runed translucent door.
  5802 | D:6      | Found a runed translucent door.
  5807 | D:6      | Found a runed translucent gate.
  5807 | D:6      | Found a runed translucent gate.
  5818 | D:6      | Found a runed translucent gate.
  5835 | D:6      | Gained mutation: You are completely covered in large bone
                  | plates. (SH +8) [demonic ancestry]
  5835 | D:6      | Reached XP level 9. HP: 59/65 MP: 9/9
  5873 | D:6      | Reached skill level 5 in Fighting
  6361 | D:6      | Found a staircase to the Ecumenical Temple.
  6376 | Temple   | Entered the Ecumenical Temple
  6477 | Temple   | Became a worshipper of Warmaster Okawaru
  6789 | D:7      | Reached skill level 1 in Staves
  6823 | D:7      | Noticed Prince Ribbit
  6846 | D:7      | Killed Prince Ribbit
  7291 | D:7      | Noticed Menkaure
  7295 | D:7      | Killed Menkaure
  7295 | D:7      | Reached * piety under Okawaru
  7305 | D:7      | Reached XP level 10. HP: 80/80 MP: 10/10
  7334 | D:7      | Noticed Joseph
  7352 | D:7      | Killed Joseph
  7905 | D:7      | Reached skill level 5 in Staves
  8080 | D:8      | Reached skill level 1 in Evocations
  8488 | D:8      | Reached ** piety under Okawaru
  8590 | D:8      | Reached skill level 5 in Evocations
  8959 | D:8      | Noticed a centaur warrior
  8975 | D:8      | Killed a centaur warrior
  8975 | D:8      | Reached *** piety under Okawaru
  9865 | D:9      | Reached skill level 5 in Poison Magic
 10383 | D:9      | Found a transporter.
 10465 | D:9      | Reached XP level 11. HP: 86/86 MP: 6/11
 11078 | D:9      | Found a transporter.
 11097 | D:9      | Found a transporter.
 11356 | D:9      | Found a transporter.
 11462 | D:10     | Entered Level 10 of the Dungeon
 11737 | D:10     | Reached **** piety under Okawaru
 12164 | D:10     | Identified a scroll of acquirement
 12164 | D:10     | Acquired a manual of Ice Magic
 12275 | D:11     | Noticed a two-headed ogre
 12283 | D:11     | Killed a two-headed ogre
 12447 | D:11     | Noticed a green ugly thing
 12457 | D:11     | Killed a green ugly thing
 12560 | D:11     | Noticed a boulder beetle
 12567 | D:11     | Killed a boulder beetle
 12584 | D:11     | Reached ***** piety under Okawaru
 12586 | D:11     | HP: 3/86 [wyvern (16)]
 12639 | D:11     | Received a gift from Okawaru
 12714 | D:11     | Found a staircase to the Lair.
 12735 | D:11     | Found a gate leading to a gauntlet.
 12741 | Gauntlet | Entered a Gauntlet
 12741 | Gauntlet | Found a transporter.
 12828 | Gauntlet | Found a runed translucent door.
 12832 | Gauntlet | Found a transporter.
 12839 | Gauntlet | Noticed a sixfirhy
 12843 | Gauntlet | Found a transporter.
 12846 | Gauntlet | Found a transporter.
 12855 | Gauntlet | Found a transporter.
 12871 | Gauntlet | Found a transporter.
 12882 | Gauntlet | Found a transporter.
 12893 | Gauntlet | Found a transporter.
 12894 | Gauntlet | Noticed a wretched star
 12907 | Gauntlet | Found a transporter.
 12916 | Gauntlet | Found a transporter.
 12918 | Gauntlet | Found a transporter.
 12932 | Gauntlet | Found a transporter.
 12979 | Gauntlet | Found a transporter.
 12979 | Gauntlet | Found a transporter.
 13497 | Gauntlet | Identified the ring of Zaed {Ice rPois Will+ Int+2 Dex+3}
 13523 | Gauntlet | Received a gift from Okawaru
 13538 | Gauntlet | Killed a wretched star
 13539 | Gauntlet | Reached XP level 12. HP: 18/92 MP: 9/9
 13915 | Gauntlet | Noticed a minotaur
 13929 | Gauntlet | Killed a minotaur
 13930 | Gauntlet | Reached skill level 10 in Evocations
 13930 | Gauntlet | Reached skill level 1 in Invocations
 14331 | Lair:1   | Entered Level 1 of the Lair of Beasts
 14437 | Lair:1   | Reached skill level 5 in Invocations
 14437 | Lair:1   | Reached skill level 1 in Ice Magic
 14449 | Lair:1   | Identified the +1 plate armour of the Sailor {rCorr Int+5}
                  | (Okawaru gifted it to you on level 1 of the Lair of Beasts)
 14449 | Lair:1   | Received a gift from Okawaru
 14814 | Lair:1   | Reached skill level 5 in Ice Magic
 15075 | Lair:1   | Identified the +1 robe of Pafi {rPois Int+4 Slay-3}
 15175 | Lair:1   | Acquired 834 gold pieces
 15363 | Lair:1   | Found a large runed translucent door.
 15501 | Lair:1   | Found a large runed translucent door.
 15505 | Lair:1   | Noticed hikkokomori's ghost (journeyman VSFi)
 15633 | Lair:1   | Killed hikkokomori's ghost
 15722 | Lair:2   | Reached skill level 10 in Ice Magic
 15722 | Lair:2   | Reached skill level 1 in Spellcasting
 15790 | Lair:2   | Noticed Harold
 15797 | Lair:2   | HP: 4/92 [torpor snail (13)]
 16061 | Lair:2   | Killed Harold
 16170 | Lair:2   | Gained mutation: You have a sharp stinger which inflicts
                  | weakening toxins. [demonic ancestry]
 16170 | Lair:2   | Reached XP level 13. HP: 55/98 MP: 8/20
 16172 | Lair:2   | Reached skill level 5 in Spellcasting
 16178 | Lair:2   | HP: 3/98 [komodo dragon (26)]
 16551 | Lair:2   | Received a gift from Okawaru
 16674 | Lair:2   | Noticed Sonja
 16681 | Abyss:1  | Cast into level 1 of the Abyss (Sonja)
 16706 | Abyss:1  | Found a corrupted altar of Lugonu.
 16831 | Abyss:1  | Noticed a starcursed mass
 16851 | Abyss:1  | Paralysed by accursed screaming for 1 turns
 16865 | Abyss:1  | Noticed a green very ugly thing
 16871 | Abyss:1  | Noticed a green very ugly thing
 16872 | Abyss:1  | Noticed a green very ugly thing
 16877 | Abyss:1  | Noticed a green very ugly thing
 16970 | Lair:2   | Escaped the Abyss
 16988 | Lair:2   | Killed Sonja
 17584 | Lair:2   | Slain by an eight-headed hydra

Illustrated notes

Levels and vault maps discovered:
D:1:      erik_arrival_orb_chamber, layout_loops_corners
D:2:      layout_loops_corners, uniq_terence, uniq_natasha
D:3:      layout_rooms, mainiacjoe_overflow_tiny_flanked,
          nicolae_concentric_dashed_squares_wild, grunt_ministairs_3,
          serial_bayou_pond_a, uniq_sigmund
D:4:      layout_gridville, serial_shops, nicolae_diamond_shop,
          gammafunk_ghost_split, uniq_edmund, uniq_robin
D:5:      layout_layer_cave, serial_shops, nicolae_shop_hallway_plus,
          hellmonk_ghost_happy_afterlife
D:6:      layout_rooms, minmay_temple_entry_drinking_statues, enter_ossuary_1,
          minmay_guarded_unrand_staff_of_olgreb
D:7:      layout_basic, hangedman_decor_opposing, uniq_prince_ribbit1,
          uniq_joseph, uniq_menkaure
D:8:      cheibrodos_two_vegetables, layout_basic, serial_rivers,
          chequers_serial_rivers_room_b, chequers_serial_rivers_large_a,
          chequers_serial_rivers_small_a, chequers_serial_rivers_micro_c,
          columned_hall_lemuel, grunt_ministairs_7
D:9:      layout_layer_cave, nicolae_transporter_intersection
D:10:     layout_loops_ring, roderic_batcave, minivault_25_ag
D:11:     layout_loops_cross, david_lair_generic, gauntlet_entry_generic
Temple:   regret_index_temple_sigil_plot
Lair:1:   layout_chaotic_city, ebering_ghost_disaster_area, grunt_megastairs_5
Lair:2:   layout_hall_layers, grunt_megastairs_2, uniq_sonja, uniq_harold

Skill      XL: |  1  2  3  4  5  6  7  8  9 10 11 12 13 |
---------------+----------------------------------------+-----
Stealth        | 1 2 |  2.0
Fighting       | 3 4 8 |  8.0
Throwing       | 2 4 5 7 8 |  8.0
Armour         | 2 4 |  4.0
Long Blades    | 4 |  4.5
Staves         | 4 5 8 |  8.0
Evocations     | 6 9 10 | 10.0
Poison Magic   | 5 6 |  6.0
Invocations    | 5 |  5.0
Ice Magic      | 10 | 10.0
Spellcasting   | 4 7 |  7.0
Short Blades   | |  2.6
Dodging        | |  2.6

Action                     |  1- 3 |  4- 6 |  7- 9 | 10-12 | 13-15 || total
---------------------------+-------+-------+-------+-------+-------++-------
  Melee: Rapier            |    91 |    60 |       |       |       ||   151
         Punch             |     1 |     3 |     2 |     4 |       ||    10
         Falchion          |       |    94 |   422 |       |       ||   516
         Tailslap          |       |     7 |    68 |    71 |     9 ||   155
         Staff             |       |       |    60 |   438 |    53 ||   551
  Throw: Javelin           |     1 |    10 |    22 |    25 |     7 ||    65
         Stone             |       |    18 |     9 |       |       ||    27
         Throwing net      |       |     4 |       |     2 |       ||     6
         Dart              |       |     6 |       |     6 |       ||    12
 Invoke: Heroism           |       |       |       |     2 |       ||     2
Ability: Evoke the Staff o |       |       |     1 |    56 |     9 ||    66
  Evoke: Wand              |       |       |       |     5 |       ||     5
    Use: Scroll            |     3 |     5 |    12 |     9 |     4 ||    33
         Potion            |       |       |     5 |     6 |     2 ||    13
   Stab: Sleeping          |     4 |     1 |       |     1 |       ||     6
         Held in net/web   |       |     2 |       |     1 |       ||     3
 Armour: Leather armour    |    25 |    10 |       |       |       ||    35
         Scale mail        |       |    46 |   176 |   140 |    51 ||   413
         Skin              |       |       |    39 |       |       ||    39
  Dodge: Dodged            |    58 |    91 |   167 |   161 |    40 ||   517
  Block: Other             |     4 |    50 |   135 |   162 |    36 ||   387

Table legend: (Time is in decaauts)
 A = Elapsed time spent in this place.
 B = Non-inter-level travel time spent in this place.
 C = Inter-level travel time spent in this place.
 D = Time resting spent in this place.
 E = Time spent auto-exploring this place.
 F = Levels seen in this place.
 G = Mean time per level.
                   A        B        C        D        E       F      G
               +--------+--------+--------+--------+--------+-----+--------+
         Total |  17595 |  16913 |    682 |   3651 |   9815 |  18 |  977.5 |
       Dungeon |  12551 |  11916 |    635 |   1631 |   8014 |  11 | 1141.0 |
        Temple |    115 |     87 |     28 |      0 |     70 |   1 |  115.0 |
          Lair |   2930 |   2911 |     19 |   1243 |   1254 |   2 | 1465.0 |
         Abyss |    272 |    272 |      0 |     42 |      0 |   2 |  136.0 |
       Ossuary |    550 |    550 |      0 |      0 |    324 |   1 |  550.0 |
      Gauntlet |   1175 |   1175 |      0 |    735 |    153 |   1 | 1175.0 |
               +--------+--------+--------+--------+--------+-----+--------+

Top non-repeatable levels by time:
  Lair:1: 1896 daAuts
     D:8: 1753 daAuts
     D:9: 1547 daAuts
     D:4: 1381 daAuts
     D:7: 1362 daAuts
     D:6: 1217 daAuts
Gauntlet: 1175 daAuts
     D:5: 1121 daAuts
     D:2: 1102 daAuts
  Lair:2: 1033 daAuts
    D:11: 847 daAuts
    D:10: 807 daAuts
     D:1: 798 daAuts
     D:3: 612 daAuts
 Ossuary: 550 daAuts
